IL
DURHAM BULLS @ ROUND ROCK EXPRESS
06/19/2044
 
TOP OF THE 1ST
Durham Bulls batting - Pitching for Round Rock Express : RHP Victor Nunez
Pitching: RHP Victor Nunez
Batting: LHB Angel Ruvalcaba 0-0: Ball
1-0: Ball
2-0: Called Strike
2-1: Called Strike
2-2: Foul Ball, location: 2F
2-2: Ball
3-2: Fly out, F7 (Flyball, 78D, EV 99.4 MPH)
Batting: RHB Justin Stone 0-0: Called Strike
0-1: Ball
1-1: Swinging Strike
1-2: Ball
2-2: Ball
3-2: Base on Balls
Batting: RHB Eugênio Asceno 0-0: SINGLE (Flyball, 56D, EV 96.9 MPH)
Justin Stone to second
Batting: SHB Ben Pierce 0-0: Called Strike
0-1: Ball
1-1: Called Strike
1-2: Ball
2-2: Strikes out swinging
Batting: RHB Kevin Kush 0-0: SINGLE (Groundball, 34S, EV 75.6 MPH) (infield hit)
Justin Stone to third
Eugênio Asceno to second
Batting: SHB Jose Vargas 0-0: Ground out 4-3 (Groundball, 34, EV 99.4 MPH)
Top of the 1st over - 0 runs, 2 hits, 0 errors, 3 left on base; Durham 0 - Round Rock 0
BOTTOM OF THE 1ST
Round Rock Express batting - Pitching for Durham Bulls : RHP Joel Montenegro
Pitching: RHP Joel Montenegro
Batting: SHB Johnny Stables 0-0: Ball
1-0: Ground out 4-3 (Groundball, 4, EV 83.1 MPH)
Batting: SHB David Simpson 0-0: Ball
1-0: Ball
2-0: Foul Ball, location: 2F
2-1: Ground out 4-3 (Groundball, 34D, EV 110.0 MPH)
Batting: RHB Alan Oxenrider 0-0: Called Strike
0-1: Fly out, F8 (Flyball, 8RS, EV 86.3 MPH)
Bottom of the 1st over - 0 runs, 0 hits, 0 errors, 0 left on base; Durham 0 - Round Rock 0
TOP OF THE 2ND
Durham Bulls batting - Pitching for Round Rock Express : RHP Victor Nunez
Batting: RHB Shinji Aizawa 0-0: Foul Ball, location: 2F
0-1: Ball
1-1: Ball
2-1: Ball
3-1: Foul Ball, location: 2F
3-2: Base on Balls
Batting: LHB Danny Hull 0-0: Called Strike
0-1: Grounds into double play, 6-4-3 (Groundball, 6, EV 78.8 MPH)
Batting: RHB Jose Herrera 0-0: Called Strike
0-1: Ball
1-1: Swinging Strike
1-2: Foul Ball, location: 2F
1-2: Ball
2-2: Ball
3-2: Fly out, F9 (Flyball, 9, EV 87.5 MPH)
Top of the 2nd over - 0 runs, 0 hits, 0 errors, 0 left on base; Durham 0 - Round Rock 0
BOTTOM OF THE 2ND
Round Rock Express batting - Pitching for Durham Bulls : RHP Joel Montenegro
Batting: RHB Ernie Weathersbee 0-0: Ball
1-0: Ball
2-0: Ball
3-0: SINGLE (Groundball, 6M, EV 83.8 MPH) (infield hit)
Batting: LHB Jeff Densmore 0-0: Foul Ball, location: 2F
0-1: Ball
1-1: Fielders Choice at 2nd, 4-6 (Groundball, 34, EV 76.9 MPH)
Batting: RHB Jimmy Hammertime 0-0: Ball
1-0: Grounds into double play, 1-6-3 (Groundball, 13S, EV 66.9 MPH)
Bottom of the 2nd over - 0 runs, 1 hit, 0 errors, 0 left on base; Durham 0 - Round Rock 0
TOP OF THE 3RD
Durham Bulls batting - Pitching for Round Rock Express : RHP Victor Nunez
Batting: LHB Angel Ruvalcaba 0-0: Called Strike
0-1: Foul Ball, location: 2F
0-2: Ball
1-2: Ball
2-2: Foul Ball, location: 2F
2-2: Foul Ball, location: 2F
2-2: Ball
3-2: SINGLE (Line Drive, 8LS, EV 98.1 MPH)
Batting: RHB Justin Stone 0-0: Ball
1-0: Sac Bunt to 2R - play at first, batter OUT! 2-4
Angel Ruvalcaba to second
Batting: RHB Eugênio Asceno 0-0: Ball
1-0: Swinging Strike
1-1: Ground out 4-3 (Groundball, 4MD, EV 105.6 MPH)
Angel Ruvalcaba to third
Batting: SHB Ben Pierce 0-0: Ball
1-0: Ball
2-0: Foul Ball, location: 2F
2-1: Fly out, F7 (Flyball, 7, EV 86.9 MPH)
Top of the 3rd over - 0 runs, 1 hit, 0 errors, 1 left on base; Durham 0 - Round Rock 0
BOTTOM OF THE 3RD
Round Rock Express batting - Pitching for Durham Bulls : RHP Joel Montenegro
Batting: LHB Pauli Gassinger 0-0: Ball
1-0: Called Strike
1-1: Ball
2-1: Ball
3-1: Ground out 1-3 (Groundball, P, EV 70.0 MPH)
Batting: RHB Bobby Keithley 0-0: Swinging Strike
0-1: Ball
1-1: Fly out, F4 (Popup, 4, EV 60.6 MPH)
Batting: RHB Rick Concha 0-0: Fly out, F9 (Line Drive, 9, EV 95.6 MPH)
Bottom of the 3rd over - 0 runs, 0 hits, 0 errors, 0 left on base; Durham 0 - Round Rock 0
TOP OF THE 4TH
Durham Bulls batting - Pitching for Round Rock Express : RHP Victor Nunez
Batting: RHB Kevin Kush 0-0: Fly out, F9 (Flyball, 89M, EV 74.4 MPH)
Batting: SHB Jose Vargas 0-0: Called Strike
0-1: SINGLE (Groundball, 6D, EV 108.1 MPH)
Batting: RHB Shinji Aizawa 0-0: Foul Ball, location: 2F
0-1: Swinging Strike
0-2: Ball
Jose Vargas steals 2nd base
1-2: Strikes out swinging
Batting: LHB Danny Hull 0-0: Ball
1-0: Foul Ball, location: 2F
1-1: Called Strike
1-2: Ball
2-2: Foul Ball, location: 2F
2-2: Ball
3-2: Strikes out swinging
Top of the 4th over - 0 runs, 1 hit, 0 errors, 1 left on base; Durham 0 - Round Rock 0
BOTTOM OF THE 4TH
Round Rock Express batting - Pitching for Durham Bulls : RHP Joel Montenegro
Batting: SHB Johnny Stables 0-0: Foul Ball, location: 2F
0-1: Called Strike
0-2: Strikes out looking
Batting: SHB David Simpson 0-0: Ball
1-0: Fly out, F8 (Flyball, 8LD, EV 75.6 MPH)
Batting: RHB Alan Oxenrider 0-0: Ball
1-0: Ball
2-0: Swinging Strike
2-1: Ground out 6-3 (Groundball, 6, EV 79.4 MPH)
Bottom of the 4th over - 0 runs, 0 hits, 0 errors, 0 left on base; Durham 0 - Round Rock 0
TOP OF THE 5TH
Durham Bulls batting - Pitching for Round Rock Express : RHP Victor Nunez
Batting: RHB Jose Herrera 0-0: Swinging Strike
0-1: Swinging Strike
0-2: Strikes out swinging
Batting: LHB Angel Ruvalcaba 0-0: Called Strike
0-1: Swinging Strike
0-2: Strikes out looking
Batting: RHB Justin Stone 0-0: Called Strike
0-1: Ball
1-1: Foul Ball, location: 2F
1-2: Foul Ball, location: 2F
1-2: Ball
2-2: Fly out, F8 (Flyball, 89D, EV 101.9 MPH)
Top of the 5th over - 0 runs, 0 hits, 0 errors, 0 left on base; Durham 0 - Round Rock 0
BOTTOM OF THE 5TH
Round Rock Express batting - Pitching for Durham Bulls : RHP Joel Montenegro
Batting: RHB Ernie Weathersbee 0-0: Ball
1-0: Called Strike
1-1: Called Strike
1-2: Ball
2-2: Strikes out swinging
Batting: LHB Jeff Densmore 0-0: Swinging Strike
0-1: Ball
1-1: Swinging Strike
1-2: Strikes out looking
Batting: RHB Jimmy Hammertime 0-0: Called Strike
0-1: Ball
1-1: Ball
2-1: Foul Ball, location: 2F
2-2: Foul Ball, location: 2F
2-2: Strikes out swinging
Bottom of the 5th over - 0 runs, 0 hits, 0 errors, 0 left on base; Durham 0 - Round Rock 0
TOP OF THE 6TH
Durham Bulls batting - Pitching for Round Rock Express : RHP Victor Nunez
Batting: RHB Eugênio Asceno 0-0: Foul Ball, location: 2F
0-1: Called Strike
0-2: Ball
1-2: Strikes out looking
Batting: SHB Ben Pierce 0-0: Ball
1-0: Ball
2-0: Ball
3-0: Base on Balls
Batting: RHB Kevin Kush 0-0: Called Strike
0-1: Swinging Strike
0-2: Ball
1-2: Foul Ball, location: 2F
1-2: Ball
2-2: Strikes out swinging
Batting: SHB Jose Vargas 0-0: Ground out U3 (Groundball, 3, EV 83.1 MPH)
Top of the 6th over - 0 runs, 0 hits, 0 errors, 1 left on base; Durham 0 - Round Rock 0
BOTTOM OF THE 6TH
Round Rock Express batting - Pitching for Durham Bulls : RHP Joel Montenegro
Batting: LHB Pauli Gassinger 0-0: Ball
1-0: Ball
2-0: Foul Ball, location: 2F
2-1: Foul Ball, location: 2F
2-2: SINGLE (Groundball, 6M, EV 101.9 MPH)
Batting: RHB Bobby Keithley 0-0: Called Strike
0-1: Ball
1-1: Ball
2-1: Foul Ball, location: 2F
2-2: Fly out, F4 (Flyball, 4D, EV 83.1 MPH)
Batting: RHB Rick Concha 0-0: Called Strike
0-1: Fly out, F6 (Line Drive, 6, EV 72.5 MPH)
Batting: SHB Johnny Stables 0-0: Ball
1-0: Fly out, F7 (Flyball, 7LM, EV 75.6 MPH)
Bottom of the 6th over - 0 runs, 1 hit, 0 errors, 1 left on base; Durham 0 - Round Rock 0
TOP OF THE 7TH
Durham Bulls batting - Pitching for Round Rock Express : RHP Victor Nunez
Batting: RHB Shinji Aizawa 0-0: Called Strike
0-1: Ball
1-1: Foul Ball, location: 2F
1-2: Foul Ball, location: 2F
1-2: Strikes out looking
Batting: LHB Danny Hull 0-0: Called Strike
0-1: Swinging Strike
0-2: Foul Ball, location: 2F
0-2: Strikes out swinging
Batting: RHB Jose Herrera 0-0: Ball
1-0: Foul Ball, location: 2F
1-1: Ground out 1-3 (Groundball, 15S, EV 71.3 MPH)
Top of the 7th over - 0 runs, 0 hits, 0 errors, 0 left on base; Durham 0 - Round Rock 0
BOTTOM OF THE 7TH
Round Rock Express batting - Pitching for Durham Bulls : RHP Joel Montenegro
Batting: SHB David Simpson 0-0: Called Strike
0-1: Ball
1-1: Ball
2-1: SINGLE (Groundball, 56S, EV 70.0 MPH) (infield hit)
Batting: RHB Alan Oxenrider 0-0: Ball
1-0: Ball
2-0: Called Strike
2-1: DOUBLE (Line Drive, 7LS, EV 103.1 MPH)
David Simpson to third
Batting: RHB Ernie Weathersbee 0-0: Foul Ball, location: 2F
0-1: Ball
1-1: Swinging Strike
1-2: DOUBLE (Line Drive, 9LS, EV 93.8 MPH)
David Simpson scores
Alan Oxenrider scores
Batting: LHB Jeff Densmore 0-0: Ball
1-0: Foul Ball, location: 2F
1-1: Called Strike
1-2: SINGLE (Groundball, 34D, EV 109.4 MPH)
Ernie Weathersbee to third
Runner from 3rd tries for Home, SAFE, throw by RF to home
Batting: RHB Jimmy Hammertime 0-0: Ball
1-0: Ball
2-0: Ball
3-0: Called Strike
3-1: Ground out 5-3 (Groundball, 5L, EV 82.5 MPH)
Jeff Densmore to second
Batting: LHB Pauli Gassinger 0-0: Intentional Walk
Batting: RHB Bobby Keithley 0-0: Called Strike
0-1: Ball
1-1: Foul Ball, location: 2F
1-2: Strikes out swinging
Batting: RHB Rick Concha 0-0: Ball
1-0: Ground out 6-3 (Groundball, 6MS, EV 79.4 MPH)
Bottom of the 7th over - 3 runs, 4 hits, 0 errors, 2 left on base; Durham 0 - Round Rock 3
TOP OF THE 8TH
Durham Bulls batting - Pitching for Round Rock Express : RHP Victor Nunez
Batting: LHB Angel Ruvalcaba 0-0: Swinging Strike
0-1: Ball
1-1: Foul Ball, location: 2F
1-2: Ball
2-2: Ball
3-2: SINGLE (Groundball, 4M, EV 100.0 MPH) (infield hit)
Pitching: LHP Joe Duckworth
Batting: RHB Justin Stone 0-0: Ball
1-0: Bunted foul
1-1: Sac Bunt to 13S - play at first, batter OUT! 1-4
Angel Ruvalcaba to second
Batting: RHB Eugênio Asceno 0-0: Ball
1-0: Called Strike
1-1: Foul Ball, location: 2F
1-2: Ground out 6-3 (Groundball, 6M, EV 95.0 MPH)
Angel Ruvalcaba to third
Batting: SHB Ben Pierce 0-0: Called Strike
0-1: Swinging Strike
0-2: SINGLE (Groundball, 6, EV 99.4 MPH)
Angel Ruvalcaba scores
Batting: RHB Kevin Kush 0-0: Ball
1-0: SINGLE (Flyball, 56D, EV 98.1 MPH)
Ben Pierce to second
Pinch Runner at 2nd Jeremy Burton:
Batting: SHB Jose Vargas 0-0: Called Strike
0-1: Ball
1-1: Called Strike
1-2: Strikes out swinging
Top of the 8th over - 1 run, 3 hits, 0 errors, 2 left on base; Durham 1 - Round Rock 3
BOTTOM OF THE 8TH
Round Rock Express batting - Pitching for Durham Bulls : RHP Joel Montenegro
Now at 1B: Robin More
Batting: SHB Johnny Stables 0-0: Foul Ball, location: 2F
0-1: Foul Ball, location: 2F
0-2: Ball
1-2: Foul Ball, location: 2F
1-2: Foul Ball, location: 2F
1-2: Ball
2-2: Foul Ball, location: 2F
2-2: Strikes out looking
Batting: SHB David Simpson 0-0: Called Strike
0-1: Ball
1-1: Called Strike
1-2: SINGLE (Flyball, 8LS, EV 90.6 MPH)
Pitching: RHP Antonio Sanchez
Batting: RHB Alan Oxenrider 0-0: Ball
1-0: Ball
2-0: Foul Ball, location: 2F
2-1: Ball
3-1: Base on Balls
David Simpson to second
Batting: RHB Ernie Weathersbee 0-0: Ball
David Simpson steals 3rd base
Alan Oxenrider to second
1-0: Ball
2-0: Called Strike
2-1: Foul Ball, location: 2F
2-2: Ball
3-2: Foul Ball, location: 2F
3-2: DOUBLE (Line Drive, 9LM, EV 108.1 MPH)
David Simpson scores
Alan Oxenrider scores
Batting: LHB Jeff Densmore 0-0: Called Strike
0-1: Ball
1-1: Ball
2-1: Ball
3-1: Foul Ball, location: 2F
3-2: Foul Ball, location: 2F
3-2: Fly out, F7 (Flyball, 7, EV 83.1 MPH)
Batting: RHB Jimmy Hammertime 0-0: Ball
1-0: Ball
2-0: Foul Ball, location: 2F
2-1: Ground out 6-3 (Groundball, 6, EV 80.6 MPH)
Bottom of the 8th over - 2 runs, 2 hits, 0 errors, 1 left on base; Durham 1 - Round Rock 5
TOP OF THE 9TH
Durham Bulls batting - Pitching for Round Rock Express : LHP Joe Duckworth
Pitching: LHP Dennis French
Batting: RHB Shinji Aizawa 0-0: Called Strike
0-1: Swinging Strike
0-2: Foul Ball, location: 2F
0-2: Ball
1-2: Ball
2-2: Foul Ball, location: 2F
2-2: SINGLE (Groundball, 6MD, EV 105.6 MPH)
Batting: LHB Danny Hull 0-0: Fly out, F8 (Line Drive, 8RM, EV 86.9 MPH)
Batting: RHB Jose Herrera 0-0: Called Strike
0-1: Ball
1-1: Grounds into double play, 6-4-3 (Groundball, 56, EV 110.0 MPH)
Top of the 9th over - 0 runs, 1 hit, 0 errors, 0 left on base; Durham 1 - Round Rock 5
Thursday, March 31st , 2022 - OOTP Baseball 22.12 Build 89